 Dungeon Crawl Stone Soup version 0.31-a0-716-gc7603755dd (webtiles) character file.

Game seed: 209844253782678994

1635 randomguy2701 the Cleaver (level 8, -1/70 HPs)
             Began as a Hill Orc Fighter on Sept 10, 2023.
             Was a Follower of Beogh.
             Slain by a boulder beetle (24 damage)
             ... on level 7 of the Dungeon.
             The game lasted 00:07:13 (6798 turns).

randomguy2701 the Cleaver (Hill Orc Fighter)        Turns: 6798, Time: 00:07:14

Health: -1/70      AC:  7    Str: 19    XL:     8   Next: 98%
Magic:  8/8        EV: 10    Int:  8    God:    Beogh [*.....]
Gold:   416        SH: 10    Dex: 12    Spells: 7/7 levels left

rFire   + . .        F - +3 hand axe (heavy)
rCold   . . .        c - +0 buckler
rNeg    . . .        b - +0 scale mail
rPois   .            (no helmet)
rElec   .            (no cloak)
rCorr   +            (no gloves)
SInv    .            (no boots)
Will    .....        z - amulet of reflection Stlth
                     v - ring of resist corrosion
HPRegen 0.31/turn    x - ring of protection from fire
MPRegen 0.11/turn

%: reflection
@: no status effects
A: no striking features
a: Renounce Religion


You were on level 7 of the Dungeon.
You worshipped Beogh.
Beogh was aware of your devotion.
You visited 1 branch of the dungeon, and saw 8 of its levels.
You also visited: Sewer.

You collected 416 gold pieces.

Inventory:

Hand Weapons
 a - a +0 war axe
 n - the +8 whip "Gyzyl" {venom, rF+ rN+ Dex+3 Stlth+}
   (You found it on level 2 of the Dungeon)

   Dex+3:     It affects your dexterity (+3).
   rF+:       It protects you from fire.
   rN+:       It protects you from negative energy.
   Stlth+:    It makes you more stealthy.
 F - a +3 heavy hand axe (weapon)
Armour
 b - a +0 scale mail (worn)
 c - a +0 buckler (worn)
Jewellery
 v - a ring of resist corrosion (left hand)
 x - a ring of protection from fire (right hand)
 z - an amulet of reflection (around neck)
 B - a ring of see invisible
 G - a ring of protection from cold
Wands
 w - a wand of polymorph (8)
 C - a wand of acid (10)
Scrolls
 h - a scroll of silence {unknown}
 i - 3 scrolls of identify
 o - a scroll of immolation {unknown}
 p - 5 scrolls of revelation
 q - a scroll of fear {unknown}
 s - a scroll of teleportation {unknown}
 u - 2 scrolls of blinking {unknown}
 y - a scroll of fog {unknown}
 A - 2 scrolls of torment {unknown}
 D - a scroll of enchant weapon {unknown}
 H - a scroll of noise {unknown}
Potions
 d - 3 potions of might
 e - 5 potions of lignification {unknown}
 f - 2 potions of mutation
 g - 2 potions of brilliance {unknown}
 j - 4 potions of curing
 k - 4 potions of haste {unknown}
 l - 2 potions of cancellation
 m - a potion of ambrosia {unknown}
 r - 2 potions of attraction {unknown}
 t - 4 potions of magic {unknown}
 E - a potion of enlightenment {unknown}
 I - 2 potions of invisibility {unknown}
 J - a potion of degeneration {unknown}


   Skills:
 + Level 6.2 Fighting
 + Level 10.1 Axes
 + Level 6.2 Armour
 + Level 2.1 Dodging
 + Level 0.9 Stealth
 + Level 5.1 Shields


You had 7 spell levels left.
You didn't know any spells.
Your spell library contained the following spells:

 Spells                   Type           Power      Damage    Failure   Level
 Magic Dart               Conj           0%         1d3       82%         1
 Ensorcelled Hibernation  Hex/Ice        0%         N/A       91%         2
 Jinxbite                 Hex            0%         N/A       91%         2
 Searing Ray              Conj           0%         2d4       91%         2
 Ozocubu's Armour         Ice            0%         N/A       99%         3
 Anguish                  Hex/Necr       0%         N/A       100%        4
 Fulminant Prism          Conj/Hex       0%         3d5       100%        4
 Metabolic Englaciation   Hex/Ice        0%         N/A       100%        5
 Simulacrum               Ice/Necr       0%         N/A       100%        6


Dungeon Overview and Level Annotations

Branches:
Dungeon (8/15)             Temple (0/1) D:5           Sewer (visited)
   Lair: D:8-11

Altars:
Ashenzari
Ru
The Shining One


Message History

The gnoll sergeant is lightly wounded.
You feel sick. You block the gnoll sergeant's attack.
There are monsters nearby!
Unknown command.
Unknown command.
You slash the gnoll sergeant!
The gnoll sergeant is severely wounded.
You feel sick.
You are no longer poisoned.
You block the gnoll sergeant's attack. The boulder beetle closely misses you.
The boulder beetle stops rolling and uncurls.
The gnoll sergeant hits you with a +0 spear.
You hit the gnoll sergeant.
The gnoll sergeant is almost dead.
You hit the boulder beetle but do no damage.
You block the boulder beetle's attack. The gnoll sergeant barely misses you.
Unknown command.
You barely miss the gnoll sergeant.
The gnoll sergeant is almost dead.
You hit the boulder beetle.
The boulder beetle completely misses you.
The gnoll sergeant hits you with a +0 spear.
You block the boulder beetle's attack.
Unknown command.
The gnoll sergeant blocks your attack.
The gnoll sergeant is almost dead.
You hit the boulder beetle. You block the gnoll sergeant's attack.
The boulder beetle bites you.
Unknown command.
The gnoll sergeant blocks your attack.
The gnoll sergeant is almost dead.
You barely miss the boulder beetle.
The gnoll sergeant hits you with a +0 spear!
The boulder beetle bites you.
The gnoll sergeant hits you with a +0 spear!
Unknown command.
You hit the gnoll sergeant but do no damage.
The gnoll sergeant is almost dead.
You hit the boulder beetle. The boulder beetle bites you!!
You die...

##'####.####.##..# #
..###..####.##########
# ...................
.. ...................
....
...................
#....
.........).........
#....
...########..###..
##### ###
..###..#####...
.......B@g.....#
...............#
...............#
...............#
....##...##...## ....
##### #### ...


You could see a boulder beetle and a gnoll sergeant.

Vanquished Creatures
  A water moccasin (D:4)
  An orc warrior (D:7)
  An ice beast (D:6)
  2 black bears
  An ogre (D:6)
  A centaur (D:7)
  A phantom (D:6)
  2 bullfrogs (Sewer)
  A scorpion (D:5)
  A hound (D:3)
  A jelly (D:4)
  2 orc priests (D:6)
  5 iguanas
  2 sleepcaps (D:7)
  Natasha (thrice) (D:2)
  2 orc wizards
  3 gnolls (D:7)
  10 adders
  4 river rats (Sewer)
  A shadow imp (D:6)
  3 worms
  4 dart slugs
  17 orcs
  5 bats
  5 endoplasms
  4 giant cockroaches
  7 hobgoblins
  7 jackals
  4 kobolds
  8 quokkas
  18 ball pythons
  7 frilled lizards
  8 goblins
  31 rats
173 creatures vanquished.

Vanquished Creatures (others)
  Blork the orc (D:4)
  An adder (D:4)
  2 orcs (D:4)
4 creatures vanquished.

Grand Total: 177 creatures vanquished

Notes
Turn   | Place    | Note
-------+----------+-------------------------------------------
     0 | D:1      | randomguy2701 the Hill Orc Fighter began the quest for the
                  | Orb.
     0 | D:1      | Reached XP level 1. HP: 19/19 MP: 1/1
   125 | D:1      | Reached XP level 2. HP: 27/27 MP: 2/2
   191 | D:1      | Reached skill level 3 in Axes
   478 | D:1      | Reached XP level 3. HP: 33/33 MP: 3/3
   764 | D:2      | Noticed Natasha
   774 | D:2      | Killed Natasha
   775 | D:2      | Reached skill level 4 in Axes
   775 | D:2      | Reached XP level 4. HP: 33/40 MP: 4/4
   956 | D:2      | Noticed Natasha
   970 | D:2      | Killed Natasha
  1078 | D:2      | Noticed Natasha
  1086 | D:2      | Killed Natasha
  1087 | D:2      | Reached skill level 5 in Axes
  1087 | D:2      | Reached XP level 5. HP: 33/46 MP: 5/5
  1289 | D:2      | Found a glowing golden altar of the Shining One.
  1322 | D:2      | Identified the +8 whip "Gyzyl" {venom, rF+ rN+ Dex+3
                  | Stlth+}
  1489 | D:3      | Found a glowing drain.
  1512 | Sewer    | Entered a sewer
  1727 | Sewer    | Reached skill level 6 in Axes
  1832 | Sewer    | Reached XP level 6. HP: 47/52 MP: 6/6
  1950 | Sewer    | HP: 2/53 [bullfrog (1)]
  1956 | Sewer    | Reached skill level 1 in Dodging
  2312 | D:3      | Reached skill level 7 in Axes
  2312 | D:3      | Reached XP level 7. HP: 53/60 MP: 7/7
  2438 | D:3      | Reached skill level 5 in Fighting
  2691 | D:3      | Found a broken altar of Ashenzari.
  2721 | D:3      | Found a faded altar of an unknown god.
  3005 | D:4      | Reached skill level 5 in Armour
  3005 | D:4      | Became a worshipper of Beogh the Brigand
  3006 | D:4      | Noticed Blork the orc
  3057 | D:4      | Killed Blork the orc
  3942 | D:5      | Entered Level 5 of the Dungeon
  4120 | D:5      | Reached skill level 8 in Axes
  4388 | D:5      | Found a sacrificial altar of Ru.
  4584 | D:5      | Reached XP level 8. HP: 69/69 MP: 8/8
  4608 | D:5      | Found a staircase to the Ecumenical Temple.
  5127 | D:6      | Reached skill level 9 in Axes
  5534 | D:6      | Identified the +2 pair of boots of Xizxarypn {*Slow +Blink
                  | rElec rF+}
  6511 | D:7      | Reached * piety under Beogh
  6583 | D:7      | You fall into a shaft and drop 1 floor!
  6607 | D:8      | Noticed a wyvern
  6607 | D:8      | Noticed a hornet
  6608 | D:8      | Noticed a yak
  6638 | D:7      | Reached skill level 5 in Shields
  6717 | D:7      | Reached skill level 10 in Axes
  6785 | D:7      | Noticed a boulder beetle
  6798 | D:7      | Slain by a boulder beetle

Illustrated notes

Levels and vault maps discovered:
D:1:      onia_arrival_mini_maze, layout_basic, minmay_tiny_reverse_x
D:2:      layout_loops_cross, basic_altar, corexii_corridor_pit, uniq_natasha
D:3:      layout_rooms, mainiacjoe_overflow_chevrons, gup_sewer_entry_pipe,
          nicolae_ecumenical_oubliette
D:4:      layout_basic, uniq_blork_the_orc
D:5:      layout_basic, nicolae_ru_path_of_blood,
          minmay_temple_entry_nine_rooms, minmay_gold_behind_fungi
D:6:      layout_basic, serial_co_window_serial, co_window_cross_1,
          co_window_paths_a, co_window_of_opportunity_a,
          co_window_of_opportunity_a, co_window_paths_a, co_window_paths_a,
          co_window_paths_b, co_window_of_opportunity_c,
          co_window_of_opportunity_b, co_window_broadway_c, co_window_4corner_a,
          co_window_4corner_b, serial_park_tiny_1
D:7:      layout_gridville, nicolae_island_escapes
D:8:      layout_basic, nicolae_overflow_macrodata_refinement,
          minmay_joined_circles

Skill      XL: |  1  2  3  4  5  6  7  8 |
---------------+-------------------------+-----
Axes           | 3 4 5 6 7 8 10 | 10.1
Armour         | 4 5 6 |  6.2
Fighting       | 4 5 6 |  6.2
Dodging        | 1 2 |  2.1
Shields        | 4 5 |  5.1
Stealth        | |  0.9

Action                     |  1- 3 |  4- 6 |  7- 9 || total
---------------------------+-------+-------+-------++-------
  Melee: War axe           |    80 |   210 |   101 ||   391
         Hand axe          |       |       |    93 ||    93
 Invoke: Convert to Beogh  |       |       |     1 ||     1
    Use: Potion            |       |     3 |       ||     3
         Scroll            |       |       |     3 ||     3
 Armour: Scale mail        |    62 |   220 |   141 ||   423
         Skin              |       |       |     8 ||     8
  Dodge: Dodged            |    52 |   139 |    98 ||   289
  Block: Buckler           |    20 |    64 |    76 ||   160
         Reflection        |       |       |     1 ||     1

Table legend: (Time is in decaauts)
 A = Elapsed time spent in this place.
 B = Non-inter-level travel time spent in this place.
 C = Inter-level travel time spent in this place.
 D = Time resting spent in this place.
 E = Time spent auto-exploring this place.
 F = Levels seen in this place.
 G = Mean time per level.
                   A        B        C        D        E       F      G
               +--------+--------+--------+--------+--------+-----+--------+
         Total |   6964 |   6703 |    261 |      0 |   5560 |   9 |  773.8 |
       Dungeon |   6274 |   6013 |    261 |      0 |   5055 |   8 |  784.2 |
         Sewer |    689 |    689 |      0 |      0 |    504 |   1 |  689.0 |
               +--------+--------+--------+--------+--------+-----+--------+

Top non-repeatable levels by time:
     D:6: 1516 daAuts
     D:4: 1129 daAuts
     D:5: 881 daAuts
     D:2: 815 daAuts
     D:3: 792 daAuts
   Sewer: 689 daAuts
     D:1: 654 daAuts
     D:7: 440 daAuts
     D:8: 44 daAuts
